 Dungeon Crawl Stone Soup version 0.25-a0-294-gea9b1ad378 (webtiles) character file.

Game seed: 7470137516874434525, levelgen mode: deterministic

144 MrRokkomies the Cruncher (level 5, 0/40 HPs)
             Began as a Gnoll Wanderer on Dec 16, 2019.
             Was an Initiate of Dithmenos.
             Killed by divine providence
             ... invoked by an orc priest
              (13 damage)
             ... on level 4 of the Dungeon.
             The game lasted 00:05:43 (2086 turns).

MrRokkomies the Cruncher (Gnoll Wanderer)           Turns: 2086, Time: 00:05:43

Health: 0/40       AC:  7    Str: 17 (19) XL:     5   Next: 27%
Magic:  9/9        EV: 14    Int: 16 (19) God:    Dithmenos [......]
Gold:   127        SH:  0    Dex:  9 (11) Spells: 9/10 levels left

rFire    . . .     SeeInvis .   a - +0 quarterstaff
rCold    . . .     Gourm    .   (shield currently unavailable)
rNeg     . . .     Faith    .   r - +0 ring mail (curse)
rPois    .         Spirit   .   (no helmet)
rElec    .         Reflect  .   A - +0 cloak
rCorr    .         Harm     .   d - +0 pair of gloves
MR       .....                  (no boots)
Stlth    +.........             (no amulet)
HPRegen  0.13/turn              q - +4 ring of evasion
MPRegen  0.11/turn              (no ring)

@: mighty, heavily drained
A: distributed training, fangs 1, strong nose
a: Renounce Religion


You were on level 4 of the Dungeon.
You worshipped Dithmenos.
Dithmenos was noncommittal.
You were not hungry.

You visited 1 branch of the dungeon, and saw 4 of its levels.

You collected 127 gold pieces.

Inventory:

Hand Weapons
 a - a +0 quarterstaff (weapon)
 b - a +0 hunting sling
 e - a +0 dagger
 s - a +0 dagger of venom
Missiles
 j - 157 stones
 k - 16 sling bullets
 n - 39 arrows
 z - a poisoned dart (quivered)
 C - 14 bolts
Armour
 d - a +0 pair of gloves (worn)
 r - a cursed +0 ring mail (worn)
 A - a +0 cloak (worn)
Jewellery
 q - a +4 ring of evasion (left hand)
 t - an uncursed ring of positive energy
 w - an uncursed ring of fire
Scrolls
 g - a scroll of random uselessness {unknown}
 i - 4 scrolls of teleportation {unknown}
 l - 10 scrolls of identify {unknown}
 o - a scroll of fear {unknown}
 v - a scroll of enchant weapon {unknown}
 y - 2 scrolls of remove curse {unknown}
 B - a scroll of noise {unknown}
Potions
 c - 2 potions of lignification
 h - a potion of degeneration
 m - a potion of curing
 p - a potion of mutation {unknown}
 u - a potion of flight {unknown}
 x - a potion of might
Comestibles
 f - 7 rations


   Skills:
 + Level 2.9(1.7) Fighting
 + Level 1.4(0.2) Short Blades
 + Level 1.4(0.2) Long Blades
 + Level 1.4(0.2) Axes
 + Level 1.4(0.2) Maces & Flails
 + Level 1.4(0.2) Polearms
 + Level 8.6(7.2) Staves
 + Level 1.4(0.2) Slings
 + Level 1.4(0.2) Bows
 + Level 1.4(0.2) Crossbows
 + Level 1.4(0.2) Throwing
 + Level 1.4(0.2) Armour
 + Level 1.4(0.2) Dodging
 + Level 4.3(3.1) Stealth
 + Level 1.4(0.2) Shields
 + Level 1.4(0.2) Unarmed Combat
 + Level 3.1(1.9) Spellcasting
 + Level 1.1(0.0) Conjurations
 + Level 1.1(0.0) Hexes
 + Level 1.1(0.0) Charms
 + Level 2.3(1.1) Summonings
 + Level 1.1(0.0) Necromancy
 + Level 1.1(0.0) Translocations
 + Level 2.3(1.1) Transmutations
 + Level 1.1(0.0) Fire Magic
 + Level 1.1(0.0) Ice Magic
 + Level 1.1(0.0) Air Magic
 + Level 1.1(0.0) Earth Magic
 + Level 1.1(0.0) Poison Magic
 + Level 1.5(0.4) Invocations
 + Level 1.4(0.2) Evocations


You had 9 spell levels left.
You knew the following spells:

 Your Spells              Type           Power        Failure   Level  Hunger
a - Sandblast             Erth           #.....       36%         1    #......

Your spell library contained the following spells:

 Spells                   Type           Power        Failure   Level  Hunger
 Passwall                 Tmut/Erth      #.......     43%         2    ###....
 Stone Arrow              Conj/Erth      #.....       75%         3    ###....
 Petrify                  Tmut/Erth      #.......     97%         4    #####..
 Lee's Rapid Deconstruct  Erth           #.........   100%        5    ######.


Dungeon Overview and Level Annotations

Branches:
Dungeon (4/15)
 Temple: D:4-7

Altars:
Dithmenos


Innate Abilities, Weirdness & Mutations

Your experience applies equally to all skills.
You have very sharp teeth.
Your uncanny sense of smell can sniff out nearby items.


Message History

The orc closely misses you.
The orc priest invokes the aid of Beogh against you.
Beogh smites you!
* * * LOW HITPOINT WARNING * * *
It was a potion of degeneration.
There was something very wrong with that liquid.
You feel weakened.
You feel dopey.
You feel clumsy. The orc barely misses you.
The orc priest hits you but does no damage.
It was a potion of curing.
You feel better. The orc priest misses you. The orc misses you.
It was a potion of might.
You feel very mighty all of a sudden.
The orc priest looks braver for a moment.
The orc misses you.
You closely miss the orc priest.
The orc priest is almost dead.
The orc priest invokes the aid of Beogh against you.
Beogh smites you!
You die...

######## #.(....#
##......# #.......+
######.......####
.......o...)....#
######.#o#.####.##
#o#@#.# #..# ..#.#.#
##.#
(..#.#.#####.########
..o..<................
.(..####.#...##.#######
..(.. ..+... #..#
#####.. ##.# #<..###
#.## ###.# ###..###


You could see an orc priest and an orc.

Vanquished Creatures
  A worker ant (D:3)
  5 adders (D:3)
  An ooze (D:2)
  A dart slug (D:1)
  3 orcs (D:4)
  A ball python (D:1)
  10 bats
  5 giant cockroaches
  7 goblins
  6 hobgoblins
  9 jackals
  A quokka (D:2)
  3 frilled lizards
  5 kobolds
  3 rats (D:1)
61 creatures vanquished.

Notes
Turn   | Place    | Note
-------+----------+-------------------------------------------
     0 | D:1      | MrRokkomies the Gnoll Wanderer began the quest for the Orb.
     0 | D:1      | MrRokkomies set off with the following items: a +0
                  | quarterstaff, a potion of lignification, a +0 robe, a +0
                  | dagger, a ration; and the following spell memorised:
                  | Sandblast; and the following spells available to memorise:
                  | Passwall, Stone Arrow, Petrify, Lee's Rapid Deconstruction
     0 | D:1      | Reached XP level 1. HP: 17/17 MP: 4/4
    59 | D:1      | Reached XP level 2. HP: 17/23 MP: 5/5
   612 | D:1      | Reached XP level 3. HP: 26/28 MP: 7/7
  1070 | D:2      | Reached skill level 1 in Invocations
  1388 | D:3      | Reached skill level 1 in Short Blades
  1388 | D:3      | Reached skill level 1 in Long Blades
  1388 | D:3      | Reached skill level 1 in Axes
  1388 | D:3      | Reached skill level 1 in Maces & Flails
  1388 | D:3      | Reached skill level 1 in Polearms
  1388 | D:3      | Reached skill level 1 in Slings
  1388 | D:3      | Reached skill level 1 in Bows
  1388 | D:3      | Reached skill level 1 in Crossbows
  1388 | D:3      | Reached skill level 1 in Throwing
  1388 | D:3      | Reached skill level 1 in Armour
  1388 | D:3      | Reached skill level 1 in Dodging
  1388 | D:3      | Reached skill level 1 in Shields
  1388 | D:3      | Reached skill level 1 in Unarmed Combat
  1388 | D:3      | Reached skill level 1 in Evocations
  1388 | D:3      | Reached XP level 4. HP: 28/34 MP: 8/8
  1483 | D:3      | Found a shadowy altar of Dithmenos.
  1499 | D:3      | Became a worshipper of Dithmenos the Shadowed
  1513 | D:3      | Reached skill level 1 in Conjurations
  1513 | D:3      | Reached skill level 1 in Hexes
  1513 | D:3      | Reached skill level 1 in Charms
  1513 | D:3      | Reached skill level 1 in Necromancy
  1513 | D:3      | Reached skill level 1 in Translocations
  1513 | D:3      | Reached skill level 1 in Fire Magic
  1513 | D:3      | Reached skill level 1 in Ice Magic
  1513 | D:3      | Reached skill level 1 in Air Magic
  1513 | D:3      | Reached skill level 1 in Earth Magic
  1513 | D:3      | Reached skill level 1 in Poison Magic
  1582 | D:3      | Reached XP level 5. HP: 37/40 MP: 9/9
  2086 | D:4      | Killed from afar by an orc priest

Levels and vault maps discovered:
D:1:      wander_arrival_desolate, layout_rooms, serial_co_window_serial,
          co_window_paths_a, co_window_corner_a, co_window_of_opportunity_a,
          co_window_paths_a, co_window_paths_a, co_window_2corner,
          co_window_corner_ca, co_window_cross_2, co_window_broadway_b,
          co_window_unsneaky_path_b, co_window_unsneaky_path_d,
          co_window_corner_cb, glass_columns_c, glass_columns_c,
          glass_columns_c, glass_columns_c, glass_columns_c
D:2:      layout_rooms
D:3:      layout_loops_cross, nicolae_dithmenos_shadow_blocks
D:4:      layout_basic, first_ration

Skill      XL: |  1  2  3  4 |
---------------+-------------+-----
Summonings     | 2 |  2.3
Transmutations | 2 |  2.3
Invocations    | 1 |  1.5
Short Blades   | 1 |  1.4
Long Blades    | 1 |  1.4
Axes           | 1 |  1.4
Maces & Flails | 1 |  1.4
Polearms       | 1 |  1.4
Slings         | 1 |  1.4
Bows           | 1 |  1.4
Crossbows      | 1 |  1.4
Throwing       | 1 |  1.4
Armour         | 1 |  1.4
Dodging        | 1 |  1.4
Shields        | 1 |  1.4
Unarmed Combat | 1 |  1.4
Evocations     | 1 |  1.4
Spellcasting   | 3 |  3.1
Conjurations   | 1 |  1.1
Hexes          | 1 |  1.1
Charms         | 1 |  1.1
Necromancy     | 1 |  1.1
Translocations | 1 |  1.1
Fire Magic     | 1 |  1.1
Ice Magic      | 1 |  1.1
Air Magic      | 1 |  1.1
Earth Magic    | 1 |  1.1
Poison Magic   | 1 |  1.1
Fighting       | |  2.9
Staves         | |  8.6
Stealth        | |  4.3

Action                   |  1- 3 |  4- 6 || total
-------------------------+-------+-------++-------
Melee: Quarterstaff      |   110 |    93 ||   203
       Bite              |     4 |    12 ||    16
Throw: Dart              |       |     5 ||     5
  Use: Potion            |       |     3 ||     3
 Stab: Sleeping          |     6 |     2 ||     8
  Eat: Chunk             |     2 |     2 ||     4
Armor: Robe              |     5 |       ||     5
       Ring mail         |    24 |    30 ||    54
Dodge: Dodged            |    85 |    67 ||   152

Table legend:
 A = Non-vault XP
 B = Vault XP
 C = Vault XP percentage of total XP
 D = Non-vault monster count
 E = Vault monster count
 F = Vault count percentage of total count
                 A         B        C        D         E       F
            +---------+---------+-------+---------+---------+-------
      Total |     207 |       0 |   0.0 |      61 |       0 |   0.0
            +---------+---------+-------+---------+---------+-------
        D:1 |      39 |       0 |   0.0 |      22 |       0 |   0.0
        D:2 |      32 |       0 |   0.0 |      16 |       0 |   0.0
        D:3 |     127 |       0 |   0.0 |      20 |       0 |   0.0
        D:4 |       9 |       0 |   0.0 |       3 |       0 |   0.0
            +---------+---------+-------+---------+---------+-------
